 Dungeon Crawl Stone Soup version 0.28-a0-730-g892d06dc2c (webtiles) character file.

Game seed: 12713103053266394276

11644 funkygono the Arsonist (level 11, -1/57 HPs)
             Began as a Gargoyle Fire Elementalist on Oct 29, 2021.
             Was a Priest of Vehumet.
             Slain by a komodo dragon (21 damage)
             ... on level 8 of the Dungeon.
             The game lasted 00:36:14 (13270 turns).

funkygono the Arsonist (GrFE)                      Turns: 13270, Time: 00:36:14

Health: -1/57      AC: 21    Str: 16    XL:     11   Next: 81%
Magic:  12/25      EV: 12    Int: 21    God:    Vehumet [***...]
Gold:   441        SH:  0    Dex: 10    Spells: 1/30 levels left

rFire   + . .      SeeInvis .   M - +6 mace (freeze)
rCold   . . .      Faith    .   (no shield)
rNeg    + . .      Spirit   .   A - +2 steam dragon scales
rPois   ∞          Reflect  .   d - +1 helmet
rElec   +          Harm     .   j - +1 cloak
rCorr   .          Rampage  .   s - +0 pair of gloves {Str+3}
Will    .....                   i - +0 pair of boots
Stlth   ++........              p - amulet of the acrobat
HPRegen 0.19/turn               h - ring "Kifoisurr" {rC+ Int+3}
MPRegen 0.19/turn               l - ring of fire

@: no status effects
A: sickness immunity, AC +8, negative energy resistance 1, electricity
resistance, torment resistance 1, petrification resistance
a: Renounce Religion


You were on level 8 of the Dungeon.
You worshipped Vehumet.
Vehumet was most pleased with you.
You visited 3 branches of the dungeon, and saw 12 of its levels.

You collected 665 gold pieces.
You spent 224 gold pieces at shops.

Inventory:

Hand Weapons
 u - a +4 vorpal flail
 M - a +6 mace of freezing (weapon)
Armour
 d - a +1 helmet (worn)
 i - a +0 pair of boots (worn)
 j - a +1 cloak (worn)
 s - a +0 pair of gloves of strength (worn)
 t - +0 acid dragon scales
 A - +2 steam dragon scales (worn)
Jewellery
 h - the ring "Kifoisurr" (left hand) {rC+ Int+3}
   (You acquired it on level 2 of the Dungeon)

   [ring of protection from cold]

   Int:       It affects your intelligence (+3).
   rC:        It protects you from cold.
 l - a ring of fire (right hand)
 n - a ring of resist corrosion
 p - an amulet of the acrobat (around neck)
 z - a ring of wizardry
 L - a +4 ring of evasion
Wands
 q - a wand of paralysis (14)
 w - a wand of mindburst (18)
 B - a wand of charming (8)
 C - a wand of iceblast (4)
 J - a wand of flame (22)
Scrolls
 E - 2 scrolls of amnesia
Potions
 b - 4 potions of mutation
 e - 3 potions of flight
 f - a potion of magic {unknown}
 g - a potion of ambrosia
 k - 3 potions of curing
 m - 2 potions of invisibility
 o - 5 potions of heal wounds
 r - 4 potions of lignification
 x - a potion of berserk rage {unknown}
 F - 2 potions of brilliance {unknown}
 G - a potion of attraction {unknown}


   Skills:
 + Level 1.9 Fighting
 + Level 2.7 Maces & Flails
 + Level 3.3 Dodging
 - Level 2.1 Stealth
 + Level 10.3 Spellcasting
 + Level 8.7 Conjurations
 + Level 10.4 Fire Magic
 + Level 3.1 Ice Magic
 * Level 5.9 Earth Magic
 + Level 0.1 Evocations


You had one spell level left.
You knew the following spells:

 Your Spells              Type           Power      Damage    Failure   Level
a - Foxfire               Conj/Fire      100%       2x1d9     1%          1
b - Scorch                Fire           100%       2d10      1%          2
c - Conjure Flame         Conj/Fire      66%        6-21      1%          3
d - Flame Wave            Conj/Fire      66%        3d12      1%          4
e - Freeze                Ice            96%        1d11      1%          1
f - Frozen Ramparts       Ice            48%        1d6       1%          3
g - Stone Arrow           Conj/Erth      82%        3d12      1%          3
h - Lehudib's Crystal Sp  Conj/Erth      20%        10d6      99%         8
i - Sticky Flame          Conj/Fire      66%        2d8       1%          4

Your spell library contained the following spells:

 Spells                   Type           Power      Damage    Failure   Level
 Inner Flame              Hex/Fire       48%        N/A       1%          3
 Animate Armour           Summ/Erth      46%        N/A       19%         4
 Ice Form                 Ice/Tmut       17%        N/A       32%         4
 Summon Ice Beast         Ice/Summ       17%        N/A       32%         4
 Summon Mana Viper        Hex/Summ       10%        N/A       87%         5
 Monstrous Menagerie      Summ           5%         N/A       100%        7


Dungeon Overview and Level Annotations

Branches:
Dungeon (10/15)            Temple (1/1) D:5            Lair (1/6) D:8
    Orc: D:9-12

Altars:
Ashenzari
Cheibriados
Dithmenos
Elyvilon
Fedhas
Gozag
Hepliaklqana
Kikubaaqudgha
Makhleb
Nemelex Xobeh
Okawaru
Qazlal
Ru
Sif Muna
Trog
Uskayaw
Vehumet
Wu Jian
Xom
Yredelemnul
Zin
The Shining One

Shops:
D:2 [   D:5 (   D:10 *

Annotations:
D:10 2 transporters, nago's ghost, novice VSCj


Innate Abilities, Weirdness & Mutations

You are immune to sickness and miasma.
Your stone body is resilient. (AC +8)
You are immune to poison.
You resist negative energy. (rN+)
You are resistant to electric shocks. (rElec)
You are resistant to unholy torment.
You are immune to petrification.


Message History

Confirm with . or Enter, or press ? or * to list all spells.
Aiming: Sticky Flame (safe; 1% risk of failure)
Press: ? - help, Shift-Dir - straight line, f/p - komodo dragon
Aim: a komodo dragon (moderately wounded, 100% to hit)
You feel a surge of power!
The sticky flame hits the komodo dragon but does no damage.
The komodo dragon is moderately wounded.
The komodo dragon is covered in liquid flames!
The komodo dragon burns!
The water moccasin bites you but does no damage.
The water moccasin closely misses you. The komodo dragon closely misses you.
The komodo dragon burns!
There is an open door here.
The komodo dragon burns!
The water moccasin misses you.
Casting: Sticky Flame (safe; 1% risk of failure)
Confirm with . or Enter, or press ? or * to list all spells.
Aiming: Stone Arrow (safe; 1% risk of failure)
Press: ? - help, Shift-Dir - straight line, f/p - komodo dragon
Aim: a komodo dragon (heavily wounded, covered in liquid flames, 87% to hit)
The stone arrow hits the water moccasin!
The water moccasin is almost dead.
The komodo dragon burns!
The water moccasin bites you but does no damage.
Casting: Stone Arrow (safe; 1% risk of failure)
Confirm with . or Enter, or press ? or * to list all spells.
Aiming: Stone Arrow (safe; 1% risk of failure)
Press: ? - help, Shift-Dir - straight line, f/p - komodo dragon
Aim: a komodo dragon (heavily wounded, covered in liquid flames, 87% to hit)
The stone arrow hits the water moccasin!
You kill the water moccasin!
Vehumet accepts your kill.
You feel your power returning.
The komodo dragon burns!
Casting: Stone Arrow (safe; 1% risk of failure)
Confirm with . or Enter, or press ? or * to list all spells.
Aiming: Stone Arrow (safe; 1% risk of failure)
Press: ? - help, Shift-Dir - straight line, f/p - komodo dragon
Aim: a komodo dragon (severely wounded, covered in liquid flames, 87% to hit)
The stone arrow misses the komodo dragon.
The komodo dragon burns!
The komodo dragon bites you!!
You die...

#...#.....(....#.....#........
#...#..........#.....#........
#...#..........#.....#..######
############'######.....####....[
.................................
.................................
.................................
............................#####
................@...........#....
##...####'######l##....######....
≈#...#....|/)).>..#....#.........
≈#...#.....![)....#....#.........
≈#...#............+....'.........
≈#...##.........###....#######..#
≈#..............(####....#.###..#
≈#..................#....#...'...
≈#..................'....#...#..[


You could see a komodo dragon (burning).

Vanquished Creatures
  A two-headed ogre (D:10)
  Pikel (D:8)
  Maurice (D:8)
  Joseph (D:8)
  2 wyverns (D:8)
  22 yaks
  2 basilisks (D:8)
  4 steam dragons
  Grum (D:8)
  4 acid dragons
  5 water moccasins
  3 ice beasts
  2 orc warriors (D:10)
  4 black bears
  3 ogres
  7 wolves (D:8)
  A necrophage (D:3)
  A lemure (D:8)
  3 kobold brigands
  A gnoll sergeant (D:5)
  5 scorpions
  4 bullfrogs
  A wyvern skeleton (D:7)
  15 killer bees (D:9)
  8 wights
  2 howler monkeys
  2 electric eels (D:8)
  2 jellies
  A bullfrog skeleton (D:7)
  A centaur skeleton (D:6)
  2 iguanas (D:4)
  5 orc priests
  2 gnoll shamans (D:7)
  4 hounds
  3 orc wizards
  A killer bee zombie (D:8)
  A hound zombie (D:5)
  2 howler monkey zombies
  16 gnolls
  5 adders
  A howler monkey skeleton (D:7)
  An ufetubus (D:5)
  An adder skeleton (D:4)
  3 dart slugs
  15 orcs
  4 bats
  9 endoplasms
  7 giant cockroaches
  7 goblins
  4 hobgoblins
  2 jackals (D:3)
  17 kobolds
  4 quokkas
  10 ball pythons
  3 frilled lizards (D:1)
  5 rats
  2 bushes (D:8)
246 creatures vanquished.

Vanquished Creatures (others)
  A gnoll (D:7)
  794 foxfires
  2 fungi (D:8)
  32 plants
829 creatures vanquished.

Grand Total: 1075 creatures vanquished

Notes
Turn   | Place    | Note
-------+----------+-------------------------------------------
     0 | D:1      | funkygono the Gargoyle Fire Elementalist began the quest
                  | for the Orb.
     0 | D:1      | Reached XP level 1. HP: 10/10 MP: 3/3
   236 | D:1      | Reached XP level 2. HP: 10/15 MP: 0/5
   243 | D:1      | Learned a level 2 spell: Scorch
   680 | D:1      | Reached XP level 3. HP: 19/19 MP: 3/6
  1122 | D:1      | Learned a level 3 spell: Conjure Flame
  1518 | D:2      | Found Tuff's Armour Shoppe.
  1527 | D:2      | Bought a +0 cloak for 63 gold pieces
  1919 | D:2      | Identified a scroll of acquirement
  1919 | D:2      | Acquired the ring "Kifoisurr" {rC+ Int+3}
  1980 | D:3      | Reached XP level 4. HP: 24/24 MP: 2/8
  2423 | D:3      | Reached XP level 5. HP: 28/28 MP: 4/10
  2969 | D:3      | Found a faded altar of an unknown god.
  3041 | D:3      | Learned a level 4 spell: Flame Wave
  3063 | D:4      | Noticed a necrophage
  3124 | D:3      | Killed a necrophage
  3125 | D:3      | Reached XP level 6. HP: 32/32 MP: 5/11
  3781 | D:4      | Reached skill level 5 in Fire Magic
  3968 | D:4      | Reached XP level 7. HP: 36/36 MP: 4/13
  4599 | D:5      | Entered Level 5 of the Dungeon
  4846 | D:4      | Reached skill level 5 in Spellcasting
  5302 | D:5      | Found Biatosous's Antique Weapon Shoppe.
  5316 | D:5      | Reached XP level 8. HP: 41/41 MP: 11/16
  5553 | D:5      | Found a staircase to the Ecumenical Temple.
  5562 | Temple   | Entered the Ecumenical Temple
  5591 | Temple   | Became a worshipper of Vehumet
  7287 | D:6      | You fall into a shaft and drop 2 floors!
  7494 | D:8      | Reached skill level 5 in Conjurations
  7494 | D:8      | Reached XP level 9. HP: 32/46 MP: 11/19
  7739 | D:8      | Noticed Pikel
  7751 | D:8      | Killed Pikel
  7752 | D:8      | Reached skill level 1 in Fighting
  8258 | D:2      | Bought a +0 pair of gloves of strength for 161 gold pieces
  8868 | D:7      | Reached XP level 10. HP: 26/52 MP: 17/22
  8868 | D:7      | Reached * piety under Vehumet
  8868 | D:7      | Offered knowledge of Freeze by Vehumet.
  9034 | D:7      | Learned a level 1 spell: Freeze
  9038 | D:7      | Learned a level 3 spell: Frozen Ramparts
  9160 | D:7      | Reached skill level 1 in Maces & Flails
  9294 | D:8      | Noticed Joseph
  9306 | D:8      | Killed Joseph
  9307 | D:8      | Reached skill level 1 in Ice Magic
  9379 | D:8      | Learned a level 3 spell: Stone Arrow
  9415 | D:8      | Noticed Maurice
  9426 | D:8      | Killed Maurice
  9427 | D:8      | Reached skill level 1 in Earth Magic
  9852 | D:8      | Reached ** piety under Vehumet
  9865 | D:8      | Noticed Grum
  9867 | D:8      | Offered knowledge of Poisonous Vapours by Vehumet.
  9872 | D:8      | Killed Grum
  9873 | D:8      | Reached XP level 11. HP: 50/57 MP: 6/24
 10210 | D:8      | Found a staircase to the Lair.
 10826 | D:8      | Reached skill level 10 in Fire Magic
 11032 | D:8      | Learned a level 8 spell: Lehudib's Crystal Spear
 11167 | D:9      | Offered knowledge of Ignite Poison by Vehumet.
 11168 | D:9      | Reached skill level 10 in Spellcasting
 11334 | D:9      | Reached skill level 5 in Earth Magic
 11582 | D:9      | Found an ornate altar of the Wu Jian Council.
 11598 | D:9      | Reached *** piety under Vehumet
 12400 | D:10     | Entered Level 10 of the Dungeon
 12498 | D:10     | Noticed a two-headed ogre
 12504 | D:10     | Killed a two-headed ogre
 12534 | D:10     | Identified the +0 spear of the Coin {venom, Int+3 SInv}
 12549 | D:10     | Found a transporter.
 12581 | D:10     | Noticed nago's ghost (novice VSCj)
 12585 | D:10     | Noticed an ogre mage
 12585 | D:10     | Noticed a deep elf archer
 12651 | D:10     | Found Piuger's Assorted Antiques.
 12771 | D:10     | Offered knowledge of Sticky Flame by Vehumet.
 12844 | D:10     | Found a transporter.
 12846 | D:10     | Identified the +5 rapier of Strategic Superiority {venom,
                  | SInv}
 13037 | D:10     | Learned a level 4 spell: Sticky Flame
 13206 | Lair:1   | Entered Level 1 of the Lair of Beasts
 13270 | D:8      | Slain by a komodo dragon

Illustrated notes

Levels and vault maps discovered:
D:1:      shiori_arrival_oz, layout_rooms, minmay_misc_feat_doors
D:2:      layout_loops_ring, serial_shops, nicolae_shop_trees,
          kennysheep_generic_room_3
D:3:      layout_rooms, dreamdust_ecumenical_altar_hidden_monk_grotto
D:4:      layout_basic
D:5:      layout_loops_ring, minmay_temple_entry_hall, serial_shops,
          nicolae_shop_statue_plus
D:6:      layout_basic
D:7:      layout_basic, serial_bayou_pond_d
D:8:      layout_gridville, minmay_lair_entry_grove, kennysheep_generic_room_2,
          uniq_joseph, uniq_grum, uniq_pikel, uniq_maurice
D:9:      layout_cave_pods, amcnicky_altar_gilded, minivault_22
D:10:     layout_cave_pools, serial_shops, shop, gammafunk_ghost_arena
Temple:   nicolae_temple_the_god_donut
Lair:1:   layout_chaotic_city, grunt_forest_small_clearing_treed

Skill      XL: |  1  2  3  4  5  6  7  8  9 10 11 |
---------------+----------------------------------+-----
Spellcasting   | 3 4 5 7 8 9 10 | 10.3
Conjurations   | 2 3 4 5 6 7 8 |  8.7
Fire Magic     | 4 5 7 8 9 10 | 10.4
Dodging        | 2 3 |  3.3
Fighting       | 1 |  1.9
Maces & Flails | 1 2 |  2.7
Ice Magic      | 2 3 |  3.1
Earth Magic    | 3 5 |  5.9
Stealth        | |  2.1
Evocations     | |  0.1

Action                   |  1- 3 |  4- 6 |  7- 9 | 10-12 || total
-------------------------+-------+-------+-------+-------++-------
Melee: Club              |     1 |       |       |       ||     1
       Whip              |       |    14 |    18 |    24 ||    56
       Mace              |       |       |       |    25 ||    25
 Cast: Foxfire           |    64 |    77 |   125 |   194 ||   460
       Scorch            |     3 |     8 |    32 |    15 ||    58
       Conjure Flame     |       |       |     2 |       ||     2
       Flame Wave        |       |       |     3 |    14 ||    17
       Stone Arrow       |       |       |       |    35 ||    35
       Freeze            |       |       |       |     3 ||     3
       Sticky Flame      |       |       |       |     2 ||     2
Evoke: Wand              |       |       |     2 |       ||     2
  Use: Scroll            |     3 |     2 |     8 |    12 ||    25
       Potion            |       |       |     2 |       ||     2
Armor: Robe              |     3 |     9 |    13 |     2 ||    27
       Steam dragon scal |       |       |       |    60 ||    60
Dodge: Dodged            |       |    24 |    40 |   118 ||   182

Table legend: (Time is in decaauts)
 A = Elapsed time spent in this place.
 B = Non-inter-level travel time spent in this place.
 C = Inter-level travel time spent in this place.
 D = Time resting spent in this place.
 E = Time spent auto-exploring this place.
 F = Levels seen in this place.
 G = Mean time per level.
                   A        B        C        D        E       F      G
               +--------+--------+--------+--------+--------+-----+--------+
         Total |  13295 |  12885 |    410 |   3279 |   6238 |  12 | 1107.9 |
       Dungeon |  12986 |  12604 |    382 |   3279 |   5985 |  10 | 1298.6 |
        Temple |    301 |    274 |     27 |      0 |    253 |   1 |  301.0 |
          Lair |      7 |      7 |      0 |      0 |      0 |   1 |    7.0 |
               +--------+--------+--------+--------+--------+-----+--------+

Top non-repeatable levels by time:
     D:8: 2531 daAuts
     D:4: 1813 daAuts
     D:9: 1330 daAuts
     D:2: 1310 daAuts
     D:5: 1267 daAuts
     D:1: 1139 daAuts
     D:7: 1114 daAuts
     D:6: 973 daAuts
     D:3: 786 daAuts
    D:10: 719 daAuts
  Temple: 301 daAuts
  Lair:1: 7 daAuts
